 Dungeon Crawl Stone Soup version 0.30-a0-859-gf88a04b62d (webtiles) character file.

Game seed: 5568418794863426429

10509 juan097 the Slicer (level 10, -11/68 (72) HPs)
             Began as an Octopode Brigand on Mar 6, 2023.
             Was a Priest of Ru.
             Mangled by a death knight
             ... wielding a +0 great sword
              (28 damage)
             ... on level 10 of the Dungeon.
             The game lasted 00:48:13 (12534 turns).

juan097 the Slicer (Octopode Brigand)              Turns: 12534, Time: 00:48:14

HP:   -11/68 (72)   AC:  1    Str: 12    XL:     10   Next: 63%
MP:   14/14         EV: 21    Int: 13    God:    Ru [***...]
Gold: 609           SH:  0    Dex: 17    Spells: 13/15 levels left

rFire   . . .      SeeInvis .    a - +2 dagger (protect)
rCold   . . .      Faith    .    (no shield)
rNeg    + . .      Spirit   .    (helmet restricted)
rPois   .          Reflect  .    o - amulet of the acrobat
rElec   .          Rampage  .    x - +5 ring of evasion
rCorr   .                        I - ring of positive energy
Will    .....                    (no ring)
Stlth   ++++++                   (no ring)
HPRegen 0.31/turn                (no ring)
MPRegen 0.14/turn                (no ring)
                                 (no ring)
                                 (no ring)

@: exhausted, drained
A: almost no armour, amphibious, 8 rings, camouflage 1, gelatinous body 1, hated
by all, inexperienced 1, (nimble swimmer 1), tentacles
a: Renounce Religion, Draw Out Power


You were on level 10 of the Dungeon.
You worshipped Ru.
Ru was most pleased with you.
You visited 2 branches of the dungeon, and saw 12 of its levels.
You also visited: Sewer and Bailey.

You collected 609 gold pieces.

Inventory:

Hand Weapons
 a - a +2 dagger of protection (weapon)
 b - a +2 shortbow of freezing
 e - a +2 dagger
 w - a +3 dagger of freezing
 J - a +0 sling
 K - a +1 scimitar
Missiles
 n - 21 poisoned darts (quivered)
Armour
 L - a +0 buckler
Jewellery
 o - an amulet of the acrobat (around mantle)
 x - a +5 ring of evasion (left tentacle)
 I - a ring of positive energy (right tentacle)
Wands
 h - a wand of flame (1)
 r - a wand of iceblast (2)
 z - a wand of digging (12)
Scrolls
 k - 2 scrolls of enchant weapon
 m - 3 scrolls of magic mapping
 p - 2 scrolls of silence {unknown}
 t - 2 scrolls of enchant armour {unknown}
 v - 3 scrolls of vulnerability {unknown}
 y - 2 scrolls of torment {unknown}
 C - 2 scrolls of immolation {unknown}
 D - a scroll of brand weapon {unknown}
 H - a scroll of blinking {unknown}
Potions
 c - 2 potions of haste {unknown}
 d - 3 potions of heal wounds
 f - 2 potions of curing {unknown}
 g - a potion of resistance
 i - 2 potions of attraction {unknown}
 j - 7 potions of might {unknown}
 l - 5 potions of mutation {unknown}
 q - 2 potions of lignification {unknown}
 s - a potion of flight {unknown}
 u - 4 potions of degeneration {unknown}
 A - 3 potions of magic {unknown}
 E - 3 potions of brilliance {unknown}
 G - a potion of cancellation {unknown}


   Skills:
 + Level 7.7 Fighting
 - Level 10.0 Short Blades
 - Level 4.0 Ranged Weapons
 - Level 6.0 Throwing
 - Level 6.0 Dodging
 - Level 10.0 Stealth
 - Level 3.0 Spellcasting
 - Level 6.0 Transmutations
 - Level 3.0 Evocations


You had 13 spell levels left.
You knew the following spells:

 Your Spells              Type           Power      Damage    Failure   Level
a - Wereblood             Tmut           17%        N/A       3%          2

Your spell library contained the following spells:

 Spells                   Type           Power      Damage    Failure   Level
 Beastly Appendage        Tmut           34%        N/A       1%          1
 Passwall                 Tmut/Erth      7%         N/A       10%         2
 Spider Form              Tmut/Pois      9%         N/A       21%         3
 Apportation              Tloc           2%         N/A       22%         1
 Freeze                   Ice            4%         1d3       22%         1
 Kiss of Death            Conj/Necr      4%         2d5       22%         1
 Magic Dart               Conj           4%         1d3       22%         1
 Necrotise                Necr           4%         1d4       22%         1
 Cigotuvi's Dreadful Rot  Necr/Pois/Air  2%         N/A       34%         2
 Ensorcelled Hibernation  Hex/Ice        2%         N/A       34%         2
 Ice Form                 Ice/Tmut       9%         N/A       54%         4
 Confusing Touch          Hex            1%         N/A       56%         3
 Frozen Ramparts          Ice            2%         1d1       56%         3
 Hailstorm                Conj/Ice       1%         3d3       56%         3
 Mephitic Cloud           Conj/Pois/Air  1%         N/A       56%         3
 Swiftness                Air            1%         N/A       56%         3
 Dispel Undead            Necr           1%         3d6       92%         4
 Summon Small Mammal      Summ           Unusable   N/A       N/A         1
 Call Imp                 Summ           Unusable   N/A       N/A         2
 Death Channel            Necr           Unusable   N/A       N/A         6
 Simulacrum               Ice/Necr       Unusable   N/A       N/A         6

Dungeon Overview and Level Annotations

Branches:
Dungeon (11/15)            Temple (1/1) D:6           Sewer (visited)
 Bailey (visited)
   Lair: D:8-11         Orc: D:9-12

Altars:
Ashenzari
Cheibriados
Dithmenos
Elyvilon
Gozag
Kikubaaqudgha
Makhleb
Nemelex Xobeh
Okawaru
Qazlal
Ru
Sif Muna
Trog
Uskayaw
Wu Jian
Xom
Zin
The Shining One

Annotations:
D:7 Joseph, Menkaure
D:9 exclusion: shadow
D:10 exclusion: fire dragon


Innate Abilities, Weirdness & Mutations

You cannot wear most types of armour.
You are amphibious.
You can wear up to eight rings at the same time.
Your skin changes colour to match your surroundings (Stealth+).
Your rubbery body absorbs attacks. (AC +1, EV +1)
You are hated by all.
You are somewhat inexperienced. (-1 XL)
((You are camouflaged when in or above water. (Stealth+)))
You have tentacles for arms and can constrict up to eight enemies at once.


Message History

Level annotation: exclusion: fire dragon
There is a stone staircase leading down here.
Your +2 shortbow of freezing stops glowing.
Your +2 dagger of protection hums with potential!
a - a +2 dagger of protection (weapon)
The fire dragon breathes flames at you. The blast of flame hits you!!
The troll barely misses you. The troll claws you. The troll misses you.
You hear a shout!
Throw: dart (curare)
Press: ? - help, Shift-Dir - straight line, f - troll
Aim: a troll (heavily wounded, very poisoned, 66% to hit)
You throw a curare-tipped dart. The curare-tipped dart hits the troll.
The troll looks as sick as possible!
The troll convulses.
The troll seems to slow down.
The troll is severely wounded.
The troll completely misses you. The troll misses you. x2
You kill the troll!
The troll leather armour is intact enough to wear.
An orc comes into view. It is wielding a +0 club.
You hit the orc.
Your weapon exudes an aura of protection.
You grab the orc. You squeeze the orc.
You kill the orc!
Things that are here:
a +0 club; a +0 leather armour The fire dragon breathes flames at you.
The blast of flame hits you!!
* * * LOW HITPOINT WARNING * * *
As you read the scroll of fog, it crumbles to dust.
The scroll dissolves into smoke.
Things that are here:
a +0 robe; a +0 hand axe A death knight comes into view.
It is wielding a +0 great sword.
The death knight shouts!
Okay, then.
You are restored by drawing out deep reserves of power within.
You feel drained.
The death knight hits you with a +0 great sword!!
You die...

####. #.... ##.#. #.#. ###.#.
#....÷ #####÷
############################.....
..........<.....@..§§§§§§§§§...>[
#######.########.p.§§#§#####...(#
#.......# ######.....#[## ###D##
#.#####.###.[........§§.# #.##
#.# ####..............### #.##
#.# #...................# #.##
#.#####.##................# #.D.
.....##.#########...##....# ####
........# #....####....#####.#


You could see a death knight.

Vanquished Creatures
  2 two-headed ogres
  A boulder beetle (D:11)
  An orc knight (Bailey)
  Maurice (D:8)
  A gargoyle (D:11)
  A troll (D:10)
  A water elemental (D:10)
  3 wyverns
  A shadow (D:11)
  21 yaks
  A wraith (D:10)
  5 vampire mosquitoes
  A sky beast (D:6)
  3 black bears
  An ogre (D:6)
  4 orc warriors
  A wolf (D:11)
  3 centaurs
  A kobold brigand (D:9)
  3 bullfrogs
  A gnoll sergeant (D:9)
  8 wights
  5 killer bees (D:7)
  2 jellies
  4 howler monkeys
  An electric eel (D:11)
  5 hounds
  2 orc priests
  2 gnoll boudas
  2 sleepcaps
  4 iguanas
  Ijyb (D:3)
  6 orc wizards
  A hell rat (Sewer)
  20 gnolls
  5 adders
  2 river rats (Sewer)
  4 shadow imps (D:8)
  5 white imps
  An ufetubus (D:8)
  5 worms
  A dart slug (D:3)
  45 orcs
  5 ball pythons
  An endoplasm (D:4)
  3 giant cockroaches
  6 goblins
  6 hobgoblins
  9 jackals
  4 quokkas
  A bat (D:1)
  3 frilled lizards
  7 kobolds
  11 rats
244 creatures vanquished.

Vanquished Creatures (others)
  A steam dragon (D:6)
  3 demonic plants (D:8)
  A plant (D:1)
5 creatures vanquished.

Grand Total: 249 creatures vanquished

Notes
Turn   | Place    | Note
-------+----------+-------------------------------------------
     0 | D:1      | juan097 the Octopode Brigand began the quest for the Orb.
     0 | D:1      | Reached XP level 1. HP: 14/14 MP: 1/1
   142 | D:1      | Reached XP level 2. HP: 19/19 MP: 2/2
   415 | D:1      | Found a faded altar of an unknown god.
  1108 | D:2      | Reached XP level 3. HP: 24/24 MP: 3/3
  1484 | D:3      | Noticed Ijyb
  1517 | D:3      | Killed Ijyb
  1518 | D:3      | Reached XP level 4. HP: 26/29 MP: 4/4
  1625 | D:3      | Found a basalt altar of Yredelemnul.
  1903 | D:3      | Found a hide-covered altar of Uskayaw.
  2416 | D:4      | Found a glowing golden altar of the Shining One.
  2465 | D:4      | Reached XP level 5. HP: 34/34 MP: 5/5
  2758 | D:4      | Noticed a black bear
  2895 | D:4      | Found a glowing drain.
  2907 | D:4      | Reached XP level 6. HP: 39/39 MP: 6/6
  2912 | Sewer    | Entered a sewer
  3133 | D:4      | Found an iron altar of Okawaru.
  3190 | D:5      | Entered Level 5 of the Dungeon
  3341 | D:5      | Identified the +0 scale mail "Witaiqim" {Str+3}
  3378 | D:5      | Reached skill level 5 in Short Blades
  3609 | D:5      | Reached XP level 7. HP: 24/45 MP: 7/7
  4644 | D:6      | Killed a steam dragon
  4699 | D:6      | Reached XP level 8. HP: 50/50 MP: 8/8
  4796 | D:6      | Found a blossoming altar of Fedhas.
  4915 | D:6      | Found a staircase to the Ecumenical Temple.
  4924 | Temple   | Entered the Ecumenical Temple
  5182 | Temple   | Became a worshipper of Ru the Awakened
  5611 | D:6      | Identified the +2 scale mail "Olenkesick" {Fly rElec Dex-2
                  | Slay+4}
  6181 | D:4      | Found a shimmering blue altar of Sif Muna.
  6745 | D:7      | Noticed Joseph
  6779 | D:7      | Noticed a wyvern
  6890 | D:8      | Noticed Maurice
  6916 | D:8      | Noticed a two-headed ogre
  7002 | D:8      | Found a flagged portal.
  7020 | Bailey   | Entered a bailey
  7127 | Bailey   | Reached XP level 9. HP: 57/57 MP: 9/9
  7177 | Bailey   | Reached skill level 5 in Dodging
  7208 | Bailey   | Noticed an orc knight
  7371 | Bailey   | Gained mutation: You are hated by all. [Ru sacrifice]
  7371 | Bailey   | Reached * piety under Ru
  7371 | Bailey   | Reached ** piety under Ru
  7464 | Bailey   | Killed an orc knight
  7749 | D:8      | Killed Maurice
  8169 | D:8      | Reached skill level 10 in Short Blades
  8169 | D:8      | Reached skill level 1 in Ranged Weapons
  8172 | D:8      | Learned a level 2 spell: Wereblood
  8433 | D:8      | Reached skill level 1 in Transmutations
  8747 | D:7      | Reached XP level 10. HP: 63/63 MP: 10/10
  8846 | D:7      | Noticed Menkaure
  9526 | D:9      | Reached skill level 10 in Stealth
  9651 | D:10     | Entered Level 10 of the Dungeon
  9698 | D:10     | Reached skill level 1 in Evocations
  9838 | D:10     | Reached skill level 1 in Spellcasting
 10079 | D:10     | Found an opulent altar of Gozag.
 10339 | D:10     | Gained mutation: You are somewhat inexperienced. (-1 XL)
                  | [Ru sacrifice]
 10339 | D:10     | Reached XP level 9. HP: 59/59 MP: 11/11
 10339 | D:10     | Reached *** piety under Ru
 10569 | D:10     | Noticed a two-headed ogre
 10577 | D:10     | Killed a two-headed ogre
 10779 | D:10     | Noticed a fire dragon
 10929 | D:10     | Reached XP level 10. HP: 59/65 MP: 13/13
 10938 | D:10     | Reached skill level 5 in Fighting
 10938 | D:10     | Reached skill level 5 in Throwing
 10942 | D:10     | Reached skill level 5 in Transmutations
 11199 | D:11     | Noticed a boulder beetle
 11203 | D:11     | Killed a boulder beetle
 12043 | D:11     | HP: 1/68 [something (13)]
 12296 | D:11     | Noticed a two-headed ogre
 12375 | D:11     | Killed a two-headed ogre
 12523 | D:10     | HP: 2/72 [fire dragon/blast of flame (33)]
 12527 | D:10     | Noticed a death knight
 12534 | D:10     | Mangled by a death knight

Illustrated notes

Levels and vault maps discovered:
D:1:      minmay_arrival_loop, layout_basic,
          shapermc_ecumenical_altar_mp_ritualfount,
          chequers_serial_rivers_marsh, st_stairs_6
D:2:      layout_basic
D:3:      layout_basic, lemuel_round_altar, lemuel_doored_altar,
          minmay_misc_feat_chi, uniq_ijyb
D:4:      layout_cave_pools, nicolae_overflow_hidden_temple,
          nicolae_overflow_crystal_walls, cheibrodos_sewer_entry_bend
D:5:      layout_gridville, due_unseen_surprise
D:6:      layout_basic, kennysheep_mini, lemuel_temple_firewalk_a
D:7:      layout_rooms, vehumet_crystals, uniq_menkaure, uniq_joseph
D:8:      layout_loops_cross, enter_bailey_4, serial_demonic, serial_demonic_d,
          serial_demonic_c, serial_demonic_c, serial_demonic_a,
          serial_demonic_g, uniq_maurice
D:9:      layout_roguey
D:10:     minmay_sliced_demisemicircle, layout_basic, lemuel_crystal_altar
D:11:     layout_rooms, erik_lair_island, david_orc_4, led_sif_book
Temple:   eino_temple_water

Skill      XL: |  1  2  3  4  5  6  7  8  9 10 |
---------------+-------------------------------+-----
Short Blades   | 3 4 5 7 8 10 | 10.0
Dodging        | 2 3 4 6 |  6.0
Throwing       | 3 4 6 |  6.0
Stealth        | 6 8 10 | 10.0
Fighting       | 3 4 7 |  7.7
Ranged Weapons | 2 4 |  4.0
Transmutations | 1 6 |  6.0
Evocations     | 3 |  3.0
Spellcasting   | 2 3 |  3.0

Action                     |  1- 3 |  4- 6 |  7- 9 | 10-12 || total
---------------------------+-------+-------+-------+-------++-------
  Melee: Dagger            |    56 |   130 |   412 |   498 ||  1096
         Tentacles         |     9 |    26 |   117 |   167 ||   319
         Constrict         |    10 |    28 |    63 |    29 ||   130
         Punch             |       |     2 |     7 |     5 ||    14
   Fire: Sling             |       |    30 |    38 |    14 ||    82
         Shortbow          |       |       |       |     5 ||     5
  Throw: Dart              |     6 |    16 |    38 |    11 ||    71
   Cast: Wereblood         |       |       |     1 |     6 ||     7
 Invoke: Sacrifice Love    |       |       |     1 |       ||     1
         Sacrifice Experie |       |       |     1 |       ||     1
         Draw Out Power    |       |       |       |     1 ||     1
  Evoke: Wand              |       |       |     1 |     5 ||     6
    Use: Scroll            |       |       |     5 |     4 ||     9
         Potion            |       |       |     4 |     3 ||     7
   Stab: Sleeping          |    10 |    11 |    22 |     5 ||    48
         Invisible         |       |       |     1 |     3 ||     4
         Distracted        |       |       |     1 |     1 ||     2
 Armour: Skin              |     3 |    19 |    28 |    28 ||    78
  Dodge: Dodged            |    28 |    47 |   235 |   256 ||   566

Table legend: (Time is in decaauts)
 A = Elapsed time spent in this place.
 B = Non-inter-level travel time spent in this place.
 C = Inter-level travel time spent in this place.
 D = Time resting spent in this place.
 E = Time spent auto-exploring this place.
 F = Levels seen in this place.
 G = Mean time per level.
                   A        B        C        D        E       F      G
               +--------+--------+--------+--------+--------+-----+--------+
         Total |  12076 |  11124 |    952 |    748 |   6995 |  14 |  862.6 |
       Dungeon |  11032 |  10111 |    921 |    721 |   6527 |  11 | 1002.9 |
        Temple |    268 |    237 |     31 |      0 |    213 |   1 |  268.0 |
         Sewer |    141 |    141 |      0 |      0 |     12 |   1 |  141.0 |
        Bailey |    634 |    634 |      0 |     27 |    243 |   1 |  634.0 |
               +--------+--------+--------+--------+--------+-----+--------+

Top non-repeatable levels by time:
    D:10: 1755 daAuts
     D:5: 1661 daAuts
     D:6: 1160 daAuts
     D:3: 1096 daAuts
     D:9: 982 daAuts
     D:8: 978 daAuts
     D:1: 934 daAuts
     D:4: 786 daAuts
  Bailey: 634 daAuts
     D:2: 626 daAuts
    D:11: 539 daAuts
     D:7: 510 daAuts
  Temple: 268 daAuts
   Sewer: 141 daAuts
